 Dungeon Crawl Stone Soup version 0.22-a0-609-gfedc9ff (webtiles) character file.

112 Hebeh the Firebug (level 4, 0/24 HPs)
             Began as a Deep Elf Fire Elementalist on July 10, 2018.
             Slain by an adder (2 damage)
             ... on level 3 of the Dungeon.
             The game lasted 00:09:39 (2428 turns).

Hebeh the Firebug (Deep Elf Fire Elementalist)      Turns: 2428, Time: 00:09:40

Health: 0/24       AC:  2    Str:  6    XL:     4   Next: 64%
Magic:  1/12       EV: 13    Int: 20    God:
Gold:   62         SH:  0    Dex: 15    Spells: 5/11 levels left

rFire    . . .     SeeInvis .   e - +0 short sword
rCold    . . .     Gourm    .   (no shield)
rNeg     . . .     Faith    .   a - +0 robe
rPois    .         Spirit   .   (no helmet)
rElec    .         Reflect  .   (no cloak)
rCorr    .         Harm     .   (no gloves)
MR       .....                  (no boots)
Stlth    ++........             (no amulet)
HPRegen  0.08/turn              (no ring)
MPRegen  0.13/turn              (no ring)

@: no status effects
A: no striking features
a: no special abilities


You were on level 3 of the Dungeon.
You were not hungry.

You visited 1 branch of the dungeon, and saw 3 of its levels.

You collected 62 gold pieces.

Inventory:

Hand Weapons
 e - a +0 short sword (weapon)
 n - a +3 dagger of protection
Missiles
 b - 55 stones (quivered)
 f - 35 sling bullets
Armour
 a - a +0 robe (worn)
Jewellery
 p - a cursed -2 ring of protection {unknown}
Scrolls
 d - a scroll of blinking {unknown}
 h - a scroll of random uselessness {unknown}
 j - a scroll of fear {unknown}
 l - a scroll of magic mapping {unknown}
 o - 3 scrolls of identify {unknown}
 q - a scroll of fog {unknown}
 r - a scroll of remove curse {unknown}
 t - a scroll of noise {unknown}
Potions
 g - a potion of resistance {unknown}
 i - a potion of flight {unknown}
 m - a potion of degeneration {unknown}
 s - a potion of mutation {unknown}
 u - a potion of agility {unknown}
Comestibles
 c - 3 rations
 k - a chunk of flesh


   Skills:
 + Level 0.8 Fighting
 * Level 1.9 Throwing
 - Level 2.4 Dodging
 - Level 2.4 Stealth
 * Level 4.0 Spellcasting
 * Level 2.3 Conjurations
 * Level 4.1 Fire Magic


You had 5 spell levels left.
You knew the following spells:

 Your Spells              Type           Power        Failure   Level  Hunger
a - Flame Tongue          Conj/Fire      ###..        3%          1    None
b - Throw Flame           Conj/Fire      ###...       4%          2    #......
c - Conjure Flame         Conj/Fire      ###.....     10%         3    ###....

Your spell library contained the following spells:

 Spells                   Type           Power        Failure   Level  Hunger
 Fireball                 Conj/Fire      ###.......   67%         5    ######.
 Sticky Flame             Conj/Fire      ###.....     32%         4    ####...
 Inner Flame              Hex/Fire       ##......     17%         3    ###....


Dungeon Overview and Level Annotations

Branches:
Dungeon (3/15)

Altars:
Ashenzari
Dithmenos
Elyvilon
Qazlal
Wu Jian
Zin

Annotations:
D:2 2 transporters


Message History

The flame tongue hits the orc priest.
You kill the orc priest!
Your Spellcasting skill increases to level 4!
The adder closely misses you.
A quokka comes into view.
The adder misses you.
A kobold comes into view.
The adder bites you.
* * * LOW HITPOINT WARNING * * *
Found a stone staircase leading down.
Casting: Flame Tongue (safe; 3% risk of failure)
Confirm with . or Enter, or press ? or * to list all spells.
Aiming: Flame Tongue (safe; 3% risk of failure)
Press: ? - help, Shift-Dir - straight line, f - adder
Aim: an adder (lightly wounded)
The flame tongue hits the adder.
The adder is moderately wounded.
The kobold shouts!
The adder bites you.
You die...

###############
####.............##
..........##..###.##
####.####.#..##
##.##### #.# #..#.#
#.o...######### #.#
###..#
##.##...o....).# #.#
##..###S##########.#.#
#.# ##...@## #.# # ##
#.. .............# #.#
...... .............>.
#S# ###
..r....###...#. #o# ..
#.#.#.. ###..


ro. ## # #.#.. . ... # #K. .(# ##. # You could see an adder, an orc, a quokka
and a kobold.

Vanquished Creatures
  An orc priest (D:3)
  A worker ant (D:2)
  2 oozes (D:1)
  A worm (D:2)
  2 dart slugs
  A leopard gecko (D:2)
  An orc (D:3)
  9 bats
  A giant cockroach (D:1)
  8 goblins
  4 hobgoblins
  A quokka (D:2)
  2 frilled lizards
  6 kobolds
  3 rats
43 creatures vanquished.

Notes
Turn   | Place    | Note
-------+----------+-------------------------------------------
     0 | D:1      | Hebeh the Deep Elf Fire Elementalist began the quest for the Orb.
     0 | D:1      | Reached XP level 1. HP: 10/10 MP: 6/6
   206 | D:1      | Reached XP level 2. HP: 15/15 MP: 4/8
   432 | D:1      | Reached skill level 1 in Throwing
   823 | D:1      | Reached XP level 3. HP: 20/20 MP: 6/9
  1378 | D:1      | Learned a level 2 spell: Throw Flame
  1382 | D:1      | Learned a level 3 spell: Conjure Flame
  1513 | D:2      | Found a shadowy altar of Dithmenos.
  1513 | D:2      | Found a glowing silver altar of Zin.
  1513 | D:2      | Found a transporter.
  1516 | D:2      | Noticed an orc warrior
  1522 | D:2      | Found a transporter.
  1528 | D:2      | Reached XP level 4. HP: 24/24 MP: 3/11
  1848 | D:2      | Found a shattered altar of Ashenzari.
  1848 | D:2      | Found a stormy altar of Qazlal.
  1848 | D:2      | Found a white marble altar of Elyvilon.
  1848 | D:2      | Found an ornate altar of the Wu Jian Council.
  2428 | D:3      | Slain by an adder

Vault maps used:
D:1:      ncdulo_halloftheorcs
D:2:      grunt_temple_overflow_cloverleaf, gammafunk_temple_overflow_arena

Skill      XL: |  1  2  3  4 |
---------------+-------------+-----
Throwing       | 1 |  1.9
Conjurations   | 2 |  2.3
Fire Magic     | 4 |  4.1
Spellcasting   | 4 |  4.0
Fighting       | |  0.8
Dodging        | |  2.4
Stealth        | |  2.4

Action                   |  1- 3 |  4- 6 || total
-------------------------+-------+-------++-------
Throw: Stone             |    26 |    13 ||    39
 Cast: Flame Tongue      |    54 |    11 ||    65
       Throw Flame       |     3 |    12 ||    15
       Conjure Flame     |       |     1 ||     1
  Eat: Chunk             |     1 |     4 ||     5
Armor: Robe              |     8 |       ||     8
Dodge: Dodged            |    12 |     2 ||    14

Table legend:
 A = Spawn XP
 B = Non-spawn XP
 C = Spawn XP percentage of total XP
 D = Spawn monster count
 E = Non-spawn monster count
 F = Spawn count percentage of total count
 G = Total turns spent on level
                    A         B        C        D         E        F      G
               +---------+---------+-------+---------+---------+-------+---------
         Total |       0 |     161 |   0.0 |       0 |      43 |   0.0 |  2428
               +---------+---------+-------+---------+---------+-------+---------
           D:1 |       0 |      52 |   0.0 |       0 |      25 |   0.0 |  1418
           D:2 |       0 |      60 |   0.0 |       0 |      12 |   0.0 |   866
           D:3 |       0 |      49 |   0.0 |       0 |       6 |   0.0 |   144
               +---------+---------+-------+---------+---------+-------+---------
